| TOP OF THE 1ST |
|
Spokane Indians batting - Pitching for Vancouver Canadians : RHP Ron Kehoe
|
|
Pitching: RHP Ron Kehoe
|
|
|
Batting: LHB Brian Gray
|
0-0: Swinging Strike 0-1: Called Strike 0-2: Ball 1-2: Strikes out swinging
|
|
Batting: RHB Ron Corn
|
0-0: Ground out 4-3 (Groundball, 4M, EV 76.2 MPH)
|
|
Batting: LHB Yasahiko Teshima
|
0-0: Called Strike 0-1: Ball 1-1: Ball 2-1: Ball 3-1: Called Strike 3-2: Strikes out swinging
|
| Top of the 1st over - 0 runs, 0 hits, 0 errors, 0 left on base; Spokane 0 - Vancouver 0 |
| BOTTOM OF THE 1ST |
|
Vancouver Canadians batting - Pitching for Spokane Indians : RHP Brian Ramirez
|
|
Pitching: RHP Brian Ramirez
|
|
|
Batting: RHB Manny Elizondo
|
0-0: Foul Ball, location: 2F 0-1: Swinging Strike 0-2: Ground out 6-3 (Groundball, 6, EV 82.5 MPH)
|
|
Batting: RHB Selam Chimsima
|
0-0: Ground out 6-3 (Groundball, 6, EV 93.1 MPH)
|
|
Batting: LHB Chris Fandino
|
0-0: Ball 1-0: Foul Ball, location: 2F 1-1: SINGLE (Groundball, 34D, EV 106.2 MPH) (infield hit)
|
|
Batting: SHB Tim Hone
|
0-0: Called Strike 0-1: Ground out U3 (Groundball, 3, EV 91.9 MPH)
|
| Bottom of the 1st over - 0 runs, 1 hit, 0 errors, 1 left on base; Spokane 0 - Vancouver 0 |
| TOP OF THE 2ND |
|
Spokane Indians batting - Pitching for Vancouver Canadians : RHP Ron Kehoe
|
|
Batting: RHB Dale Aubrey
|
0-0: Ball 1-0: Ball 2-0: Foul Ball, location: 2F 2-1: Ball 3-1: Foul Ball, location: 2F 3-2: Foul Ball, location: 2F 3-2: Ground out 3-1 (Groundball, 34, EV 108.1 MPH)
|
|
Batting: LHB Lee Gerken
|
0-0: Called Strike 0-1: Ball 1-1: Swinging Strike 1-2: Ball 2-2: Strikes out swinging
|
|
Batting: RHB Jerry Castillo
|
0-0: Called Strike 0-1: Swinging Strike 0-2: Ground out 5-3 (Groundball, 5S, EV 85.6 MPH)
|
| Top of the 2nd over - 0 runs, 0 hits, 0 errors, 0 left on base; Spokane 0 - Vancouver 0 |
| BOTTOM OF THE 2ND |
|
Vancouver Canadians batting - Pitching for Spokane Indians : RHP Brian Ramirez
|
|
Batting: RHB Akira Kubo
|
0-0: Called Strike 0-1: Ball 1-1: SINGLE (Groundball, 5S, EV 71.2 MPH) (infield hit)
|
|
Batting: RHB John Rios
|
0-0: Swinging Strike 0-1: Ball 1-1: Foul Ball, location: 2F 1-2: Grounds into double play, 4-6-3 (Groundball, 4, EV 76.9 MPH)
|
|
Batting: RHB Jorge Cruz
|
0-0: Called Strike 0-1: Foul Ball, location: 2F 0-2: Strikes out swinging
|
| Bottom of the 2nd over - 0 runs, 1 hit, 0 errors, 0 left on base; Spokane 0 - Vancouver 0 |
| TOP OF THE 3RD |
|
Spokane Indians batting - Pitching for Vancouver Canadians : RHP Ron Kehoe
|
|
Batting: RHB Zach Koblinski
|
0-0: Ball 1-0: Foul Ball, location: 2F 1-1: Called Strike 1-2: Ball 2-2: Foul Ball, location: 2F 2-2: SINGLE (Groundball, 5S, EV 68.8 MPH) (infield hit)
|
|
Batting: RHB Tony Rivera
|
0-0: Ball 1-0: Ball 2-0: Called Strike 2-1: Foul Ball, location: 2F 2-2: Strikes out swinging
|
|
Batting: RHB Rick Concha
|
0-0: Ball Zach Koblinski is caught stealing 2nd base 2-4 1-0: Ball 2-0: Foul Ball, location: 2F 2-1: Swinging Strike 2-2: Strikes out looking
|
| Top of the 3rd over - 0 runs, 1 hit, 0 errors, 0 left on base; Spokane 0 - Vancouver 0 |
| BOTTOM OF THE 3RD |
|
Vancouver Canadians batting - Pitching for Spokane Indians : RHP Brian Ramirez
|
|
Batting: RHB Bobby Roldan
|
0-0: Foul Ball, location: 2F 0-1: Called Strike 0-2: SINGLE (Groundball, 25, EV 63.8 MPH) (infield hit)
|
|
Batting: RHB Jorge Alva
|
0-0: Called Strike 0-1: Ball Bobby Roldan is caught stealing 2nd base 2-4 1-1: Foul Ball, location: 2F 1-2: Strikes out swinging, 2-3 out at first.
|
|
Batting: RHB Manny Elizondo
|
0-0: Ball 1-0: Ground out U3 (Groundball, 13, EV 81.2 MPH)
|
| Bottom of the 3rd over - 0 runs, 1 hit, 0 errors, 0 left on base; Spokane 0 - Vancouver 0 |
| TOP OF THE 4TH |
|
Spokane Indians batting - Pitching for Vancouver Canadians : RHP Ron Kehoe
|
|
Batting: LHB Brian Gray
|
0-0: Ball 1-0: Ball 2-0: Foul Ball, location: 2F 2-1: Ground out 4-3 (Groundball, 4, EV 105.6 MPH)
|
|
Batting: RHB Ron Corn
|
0-0: Fly out, F9 (Line Drive, 89M, EV 92.5 MPH)
|
|
Batting: LHB Yasahiko Teshima
|
0-0: Ball 1-0: Ball 2-0: Ball 3-0: Called Strike 3-1: Base on Balls
|
|
Batting: RHB Dale Aubrey
|
0-0: Called Strike 0-1: Called Strike 0-2: Strikes out looking
|
| Top of the 4th over - 0 runs, 0 hits, 0 errors, 1 left on base; Spokane 0 - Vancouver 0 |
| BOTTOM OF THE 4TH |
|
Vancouver Canadians batting - Pitching for Spokane Indians : RHP Brian Ramirez
|
|
Batting: RHB Selam Chimsima
|
0-0: Called Strike 0-1: Swinging Strike 0-2: Ball 1-2: Strikes out swinging
|
|
Batting: LHB Chris Fandino
|
0-0: Foul Ball, location: 2F 0-1: Ball 1-1: SINGLE (Groundball, 6MD, EV 107.5 MPH)
|
|
Batting: SHB Tim Hone
|
0-0: Ball 1-0: Called Strike 1-1: Ball 2-1: Foul Ball, location: 2F 2-2: Foul Ball, location: 2F 2-2: Ball 3-2: Foul Ball, location: 2F 3-2: Foul Ball, location: 2F 3-2: Strikes out looking
|
|
Batting: RHB Akira Kubo
|
0-0: Ball 1-0: Called Strike 1-1: Fielders Choice at 2nd, 5-4 (Groundball, 5, EV 87.5 MPH)
|
| Bottom of the 4th over - 0 runs, 1 hit, 0 errors, 1 left on base; Spokane 0 - Vancouver 0 |
| TOP OF THE 5TH |
|
Spokane Indians batting - Pitching for Vancouver Canadians : RHP Ron Kehoe
|
|
Batting: LHB Lee Gerken
|
0-0: SINGLE (Groundball, 34D, EV 98.8 MPH)
|
|
Batting: RHB Jerry Castillo
|
0-0: Ball 1-0: Ball 2-0: Ball 3-0: Called Strike 3-1: Fielders Choice at 2nd, 5-4 (Groundball, 56, EV 99.4 MPH)
|
|
Batting: RHB Zach Koblinski
|
0-0: Called Strike 0-1: Foul Ball, location: 2F 0-2: Foul Ball, location: 2F 0-2: Ball 1-2: Foul Ball, location: 2F 1-2: DOUBLE (Line Drive, 78D, EV 108.8 MPH) Jerry Castillo to third Runner from 3rd tries for Home, SAFE, throw by CF to trailing runner, OUT at third! 8-3-5
|
|
Batting: RHB Tony Rivera
|
0-0: Ball 1-0: Fly out, F9 (Flyball, 9LMF, EV 91.2 MPH)
|
| Top of the 5th over - 1 run, 2 hits, 0 errors, 0 left on base; Spokane 1 - Vancouver 0 |
| BOTTOM OF THE 5TH |
|
Vancouver Canadians batting - Pitching for Spokane Indians : RHP Brian Ramirez
|
|
Batting: RHB John Rios
|
0-0: Ball 1-0: Ground out 5-3 (Groundball, 56, EV 93.8 MPH)
|
|
Batting: RHB Jorge Cruz
|
0-0: Ball 1-0: Ball 2-0: Foul Ball, location: 2F 2-1: Foul Ball, location: 2F 2-2: Strikes out swinging
|
|
Batting: RHB Bobby Roldan
|
0-0: Ball 1-0: Called Strike 1-1: Swinging Strike 1-2: Foul Ball, location: 2F 1-2: Ball 2-2: Ground out 6-3 (Groundball, 6S, EV 88.8 MPH)
|
| Bottom of the 5th over - 0 runs, 0 hits, 0 errors, 0 left on base; Spokane 1 - Vancouver 0 |
| TOP OF THE 6TH |
|
Spokane Indians batting - Pitching for Vancouver Canadians : RHP Ron Kehoe
|
|
Batting: RHB Rick Concha
|
0-0: Called Strike 0-1: Called Strike 0-2: Ground out 4-3 (Groundball, 4M, EV 76.9 MPH)
|
|
Batting: LHB Brian Gray
|
0-0: Ball 1-0: Ball 2-0: Ball 3-0: Base on Balls
|
|
Batting: RHB Ron Corn
|
0-0: Ball 1-0: Ball 2-0: Swinging Strike 2-1: Called Strike 2-2: Grounds into double play, 4-6-3 (Groundball, 4MS, EV 83.1 MPH)
|
| Top of the 6th over - 0 runs, 0 hits, 0 errors, 0 left on base; Spokane 1 - Vancouver 0 |
| BOTTOM OF THE 6TH |
|
Vancouver Canadians batting - Pitching for Spokane Indians : RHP Brian Ramirez
|
|
Batting: RHB Jorge Alva
|
0-0: Ball 1-0: Ball 2-0: Called Strike 2-1: Foul Ball, location: 2F 2-2: Ball 3-2: Foul Ball, location: 2F 3-2: Strikes out swinging
|
|
Batting: RHB Manny Elizondo
|
0-0: Ball 1-0: Ground out 4-3 (Groundball, 4, EV 85.0 MPH)
|
|
Batting: RHB Selam Chimsima
|
0-0: Ball 1-0: Ball 2-0: Foul Ball, location: 2F 2-1: Ball 3-1: Foul Ball, location: 2F 3-2: Base on Balls
|
|
Batting: LHB Chris Fandino
|
0-0: Foul Ball, location: 2F 0-1: SINGLE (Line Drive, 4D, EV 100.0 MPH) Selam Chimsima to second
|
|
Batting: SHB Tim Hone
|
0-0: Called Strike 0-1: Ball 1-1: Foul Ball, location: 2F 1-2: Strikes out swinging
|
| Bottom of the 6th over - 0 runs, 1 hit, 0 errors, 2 left on base; Spokane 1 - Vancouver 0 |
| TOP OF THE 7TH |
|
Spokane Indians batting - Pitching for Vancouver Canadians : RHP Ron Kehoe
|
|
Batting: LHB Yasahiko Teshima
|
0-0: Ground out 4-3 (Groundball, 4, EV 103.8 MPH)
|
|
Batting: RHB Dale Aubrey
|
0-0: Ball 1-0: Ball 2-0: Called Strike 2-1: Foul Ball, location: 2F 2-2: Ground out 5-3 (Groundball, 56S, EV 90.6 MPH)
|
|
Batting: LHB Lee Gerken
|
0-0: Called Strike 0-1: Ball 1-1: Foul Ball, location: 2F 1-2: Ground out U3 (Groundball, 34S, EV 83.8 MPH)
|
| Top of the 7th over - 0 runs, 0 hits, 0 errors, 0 left on base; Spokane 1 - Vancouver 0 |
| BOTTOM OF THE 7TH |
|
Vancouver Canadians batting - Pitching for Spokane Indians : RHP Brian Ramirez
|
|
Now in LF: Nick Solberg
|
|
|
Batting: RHB Akira Kubo
|
0-0: Ball 1-0: Ball 2-0: Ball 3-0: Called Strike 3-1: SOLO HOME RUN (Flyball, 9D, EV 95.0 MPH), Distance : 376 ft
|
|
Batting: RHB John Rios
|
0-0: Swinging Strike 0-1: Ball 1-1: Called Strike 1-2: Foul Ball, location: 2F 1-2: Foul Ball, location: 2F 1-2: Ground out 5-3 (Groundball, 56S, EV 91.2 MPH)
|
|
Batting: RHB Jorge Cruz
|
0-0: SINGLE (Groundball, 6S, EV 71.2 MPH) (infield hit)
|
|
Batting: RHB Bobby Roldan
|
0-0: Ball Jorge Cruz is caught stealing 2nd base 2-4 1-0: Ball 2-0: Ground out 4-3 (Groundball, 4, EV 108.1 MPH)
|
| Bottom of the 7th over - 1 run, 2 hits, 0 errors, 0 left on base; Spokane 1 - Vancouver 1 |
| TOP OF THE 8TH |
|
Spokane Indians batting - Pitching for Vancouver Canadians : RHP Ron Kehoe
|
|
Batting: RHB Jerry Castillo
|
0-0: Foul Ball, location: 2F 0-1: Ball 1-1: Ball 2-1: Ground out 4-3 (Groundball, 4, EV 103.1 MPH)
|
|
Batting: RHB Zach Koblinski
|
0-0: Ball 1-0: Called Strike 1-1: Swinging Strike 1-2: Ground out 5-3 (Groundball, 5, EV 84.4 MPH)
|
|
Batting: RHB Tony Rivera
|
0-0: Called Strike 0-1: Foul Ball, location: 2F 0-2: Strikes out swinging
|
| Top of the 8th over - 0 runs, 0 hits, 0 errors, 0 left on base; Spokane 1 - Vancouver 1 |
| BOTTOM OF THE 8TH |
|
Vancouver Canadians batting - Pitching for Spokane Indians : RHP Brian Ramirez
|
|
Batting: RHB Jorge Alva
|
0-0: DOUBLE (Line Drive, 78XD, EV 98.8 MPH)
|
|
Batting: RHB Manny Elizondo
|
0-0: Ball Jorge Alva steals 3rd, throwing error, E2 Jorge Alva scores 1-0: Ball 2-0: Ball 3-0: Called Strike 3-1: Called Strike 3-2: Reached via error on a dropped throw from 3B, E3 (Groundball, 56, EV 81.2 MPH)
|
|
Pitching: RHP John Carbonneau
|
|
|
Batting: RHB Selam Chimsima
|
0-0: Called Strike 0-1: Fly out, F8 (Flyball, 8LD, EV 85.0 MPH) Runner from 1st tags up, SAFE at 2nd
|
|
Batting: LHB Chris Fandino
|
0-0: Ball 1-0: Ball 2-0: Foul Ball, location: 2F 2-1: Foul Ball, location: 2F 2-2: Strikes out swinging
|
|
Batting: SHB Tim Hone
|
0-0: Intentional Walk
|
|
Batting: RHB Akira Kubo
|
0-0: Ball 1-0: Called Strike 1-1: Ball 2-1: Fielders Choice at 2nd, 6-4 (Groundball, 6, EV 81.9 MPH)
|
| Bottom of the 8th over - 1 run, 1 hit, 2 errors, 2 left on base; Spokane 1 - Vancouver 2 |
| TOP OF THE 9TH |
|
Spokane Indians batting - Pitching for Vancouver Canadians : RHP Ron Kehoe
|
|
Pitching: RHP Dave Vandehey
|
|
|
Now at 2B: Luis Reyes
|
|
|
Now in LF: Jose Ontiveros
|
|
|
Now in RF: Julio Canseco
|
|
|
Pinch Hitting: LHB Gabriel Graves
|
0-0: Ball 1-0: Ball 2-0: Foul Ball, location: 2F 2-1: Foul Ball, location: 2F 2-2: Ball 3-2: Foul Ball, location: 2F 3-2: Reached on error, E6 (Groundball, 4M, EV 78.1 MPH)
|
|
Pinch Hitting: SHB David Simpson
|
0-0: Called Strike 0-1: Called Strike 0-2: Ball 1-2: Ball 2-2: Ball 3-2: Strikes out swinging
|
|
Pinch Hitting: LHB Yat-sen Zhu
|
0-0: Called Strike 0-1: Foul Ball, location: 2F 0-2: Strikes out swinging
|
|
Batting: LHB Yasahiko Teshima
|
0-0: Ball 1-0: Called Strike 1-1: Ball 2-1: Called Strike 2-2: Foul Ball, location: 2F 2-2: Foul Ball, location: 2F 2-2: Ball 3-2: Strikes out swinging, 2-3 out at first.
|
| Top of the 9th over - 0 runs, 0 hits, 1 error, 1 left on base; Spokane 1 - Vancouver 2 |
|